 Dungeon Crawl Stone Soup version 0.27-a0-1196-g3e9cee4cb2 (webtiles) character file.

Game seed: 9070776542724561687

298096 Cralpanu the Executioner (level 20, -6/187 HPs)
             Began as a Hill Orc Fighter on May 27, 2021.
             Was the Champion of Beogh.
             Mangled by a rockslime (37 damage)
             ... created by the Royal Jelly
             ... on level 5 of the Pits of Slime.
             The game lasted 01:49:57 (30916 turns).

Cralpanu the Executioner (Hill Orc Fighter)        Turns: 30916, Time: 01:49:58

Health: -6/187     AC: 15    Str: 36    XL:     20   Next: 95%
Magic:  41/41      EV: 13    Int:  6    God:    Beogh [******]
Gold:   1022       SH: 19    Dex: 18    Spells: 19/19 levels left

rFire    . . .     SeeInvis +   n - +9 war axe (drain)
rCold    + . .     Faith    .   Z - +2 kite shield {reflect}
rNeg     . . .     Spirit   .   X - +14 plate armour of Jigsaw {Will++ Str+7 Int-2}
rPois    +         Reflect  +   g - +0 hat {Stlth+}
rElec    .         Harm     .   A - +1 cloak {rPois}
rCorr    +         Rampage  +   E - +0 pair of gloves {Dex+3}
Will     ++++.                  T - +2 pair of boots {rampage}
Stlth    ..........             j - amulet of regeneration
HPRegen  1.41/turn              D - ring "Wiob" {Will+ rCorr Str+4}
MPRegen  0.27/turn              s - ring of Olelaipt {rC+ MP+9 Dex+4 SInv}

@: mighty, corroded, hasted, very quick
A: walk on water, clumsy 1, shaggy fur 1
}: 2/15 runes: serpentine, barnacled
a: Renounce Religion, Smiting, Recall Orcish Followers, Give Item to Named
Follower, Resurrection


You were on level 5 of the Pits of Slime.
You worshipped Beogh.
Beogh was exalted by your worship.
You visited 6 branches of the dungeon, and saw 36 of its levels.
You also visited: Gauntlet.

You collected 4389 gold pieces.
You spent 3367 gold pieces at shops.

Inventory:

Hand Weapons
 n - a +9 war axe of draining (weapon)
 I - a +4 broad axe of flaming
Missiles
 q - 9 throwing nets
Armour
 g - a +0 hat of stealth (worn)
 i - a scarf of resistance
 A - a +1 cloak of poison resistance (worn)
 E - a +0 pair of gloves of dexterity (worn)
 T - a +2 pair of boots of rampaging (worn)
 X - the +14 plate armour of Jigsaw (worn) {Will++ Str+7 Int-2}
   (You found it on level 4 of the Lair of Beasts)

   It affects your strength (+7).
   It affects your intelligence (-2).
   It greatly increases your willpower.
 Z - a +2 kite shield of reflection (worn)
Jewellery
 h - a ring of positive energy
 j - an amulet of regeneration (around neck)
 p - the amulet of Birdsong {Acrobat rElec Dex+2}
   (You found it in a Gauntlet)

   [amulet of the acrobat]

   It increases your evasion while moving and waiting.
   It affects your dexterity (+2).
   It insulates you from electricity.
 s - the ring of Olelaipt (right hand) {rC+ MP+9 Dex+4 SInv}
   (You bought it in a shop on level 2 of the Shoals)

   [ring of magical power]

   It affects your dexterity (+4).
   It protects you from cold.
   It affects your magic capacity (+9).
   It lets you see invisible.
 t - a +4 ring of protection
 D - the ring "Wiob" (left hand) {Will+ rCorr Str+4}
   (You found it in a Gauntlet)

   [ring of willpower]

   It affects your strength (+4).
   It protects you from acid and corrosion.
   It increases your willpower.
 F - a ring of poison resistance
 U - a ring of protection from cold
Wands
 c - a wand of mindburst (12)
 z - a wand of acid (5)
 J - a wand of paralysis (28)
 M - a wand of iceblast (66)
 O - a wand of digging (11)
 S - a wand of polymorph (27)
Scrolls
 f - 4 scrolls of fog
 k - a scroll of silence
 m - 23 scrolls of teleportation
 r - 5 scrolls of fear
 u - a scroll of holy word
 C - a scroll of brand weapon
 Y - 2 scrolls of blinking
Potions
 a - 2 potions of invisibility
 d - 6 potions of flight
 e - 2 potions of resistance
 l - 11 potions of curing
 o - a potion of brilliance
 v - 5 potions of ambrosia
 w - 3 potions of heal wounds
 x - 5 potions of haste
 G - 2 potions of might
 H - a potion of magic
 N - a potion of cancellation
Miscellaneous
 b - a phantom mirror (quivered)
 B - a tin of tremorstones (2/2)
 L - a condenser vane
 W - a piece from Xom's chessboard (15/15)


   Skills:
 + Level 17.9 Fighting
 + Level 21.6 Axes
 + Level 14.4 Armour
 + Level 7.1 Dodging
 + Level 6.3 Stealth
 + Level 18.3 Shields
 + Level 16.2 Invocations
 + Level 0.9 Evocations


You had 19 spell levels left.
You didn't know any spells.
Your spell library contained the following spells:

 Spells                   Type           Power      Damage    Failure   Level
 Animate Skeleton         Necr           0%         N/A       91%         1
 Apportation              Tloc           0%         N/A       91%         1
 Corona                   Hex            0%         N/A       91%         1
 Foxfire                  Conj/Fire      0%         2x1d4     91%         1
 Freeze                   Ice            0%         1d3       91%         1
 Magic Dart               Conj           0%         1d3       91%         1
 Pain                     Necr           0%         1d4       91%         1
 Summon Small Mammal      Summ           0%         N/A       91%         1
 Call Imp                 Summ           0%         N/A       97%         2
 Ensorcelled Hibernation  Hex/Ice        0%         N/A       97%         2
 Searing Ray              Conj           0%         3d3       97%         2
 Slow                     Hex            0%         N/A       97%         2
 Call Canine Familiar     Summ           0%         N/A       99%         3
 Conjure Flame            Conj/Fire      0%         6-21      99%         3
 Dazzling Flash           Conj/Hex       0%         N/A       99%         3
 Frozen Ramparts          Ice            0%         1d2       99%         3
 Ignite Poison            Fire/Tmut/Pois 0%         N/A       99%         3
 Inner Flame              Hex/Fire       0%         N/A       99%         3
 Lesser Beckoning         Tloc           0%         N/A       99%         3
 Mephitic Cloud           Conj/Pois/Air  0%         N/A       99%         3
 Ozocubu's Armour         Ice            0%         N/A       99%         3
 Portal Projectile        Hex/Tloc       0%         N/A       99%         3
 Stone Arrow              Conj/Erth      0%         3d7       99%         3
 Summon Guardian Golem    Hex/Summ       0%         N/A       99%         3
 Tukima's Dance           Hex            0%         N/A       99%         3
 Vampiric Draining        Necr           0%         2d6       99%         3
 Animate Dead             Necr           0%         N/A       100%        4
 Cause Fear               Hex            0%         N/A       100%        4
 Fulminant Prism          Conj/Hex       0%         3d6       100%        4
 Hailstorm                Conj/Ice       0%         3d3       100%        4
 Ice Form                 Ice/Tmut       0%         N/A       100%        4
 Iskenderun's Mystic Bla  Conj/Tloc      0%         2d3       100%        4
 Olgreb's Toxic Radiance  Pois           0%         N/A       100%        4
 Sticky Flame             Conj/Fire      0%         2d3       100%        4
 Summon Ice Beast         Ice/Summ       0%         N/A       100%        4
 Summon Lightning Spire   Summ/Air       0%         N/A       100%        4
 Agony                    Necr           0%         N/A       100%        5
 Alistair's Intoxication  Tmut/Pois      0%         N/A       100%        5
 Fireball                 Conj/Fire      0%         3d3       100%        5
 Metabolic Englaciation   Hex/Ice        0%         N/A       100%        5
 Silence                  Hex/Air        0%         N/A       100%        5
 Summon Forest            Summ/Tloc      0%         N/A       100%        5
 Summon Mana Viper        Hex/Summ       0%         N/A       100%        5
 Yara's Violent Unravell  Hex/Tmut       0%         3d3       100%        5
 Eringya's Noxious Bog    Tmut/Pois      0%         N/A       100%        6
 Freezing Cloud           Conj/Ice/Air   0%         6-21      100%        6
 Invisibility             Hex            0%         N/A       100%        6
 Shadow Creatures         Summ           N/A        N/A       100%        6
 Simulacrum               Ice/Necr       0%         N/A       100%        6
 Starburst                Conj/Fire      0%         8x6d3     100%        6
 Dragon Form              Tmut           0%         N/A       100%        7
 Malign Gateway           Summ/Tloc      0%         N/A       100%        7
 Ozocubu's Refrigeration  Ice            0%         4d5       100%        7
 Summon Hydra             Summ           0%         N/A       100%        7
 Discord                  Hex            0%         N/A       100%        8


Dungeon Overview and Level Annotations

Branches:
Dungeon (15/15)            Temple (0/1) D:6            Lair (6/6) D:11
 Shoals (4/4) Lair:2        Snake (4/4) Lair:4        Slime (5/5) Lair:6
    Orc (2/2) D:11            Elf (0/3) Orc:2        Vaults (0/5) D:13
 Depths (0/5) D:15        Gauntlet (visited)

Altars:
Gozag
Nemelex Xobeh
Okawaru
Ru
Sif Muna
Beogh

Shops:
Orc:2 [?:?[   Shoals:2 [:?=   Snake:2 [(*   Snake:3 =   Snake:4 *

Portals:
Pandemonium: Orc:2


Innate Abilities, Weirdness & Mutations

You can walk on water.
You are clumsy. (Dex -2)
You are covered in fur. (AC +1)


Message History

As you read the scroll of summoning, it crumbles to dust.
Wisps of shadow whirl around you...
Grimold is asphyxiated!
The acid blob hits you!!
* * * LOW HITPOINT WARNING * * *
The acid corrodes you!
You are splashed with acid.
You resist.
* * * LOW HITPOINT WARNING * * *
An acid blob comes into view.
The quicksilver ooze hits Grimold!
The quicksilver ooze hits Grimold.
The rockslime hits Grimold!!
Grimold holds its ground!
The rockslime hits Bogwald!
Bogwald holds its ground!
Grimold hits the quicksilver ooze with a +1 glaive!!!
You block the acid blob's attack. The acid blob spits acid at you.
The splash of acid hits you. You resist.
* * * LOW HITPOINT WARNING * * *
The acid corrodes you!
You are splashed with acid.
You resist.
* * * LOW HITPOINT WARNING * * *
You feel much better.
The quicksilver ooze hits Grimold. x2
The rockslime hits you!!
* * * LOW HITPOINT WARNING * * *
You hold your ground!
You block the acid blob's attack.
Bogwald hits the rockslime with a +2 vorpal great mace!
The rockslime hits Grimold!
Grimold holds its ground!
The rockslime hits Bogwald!
Bogwald holds its ground!
The acid blob spits acid at you.
Your +2 kite shield of reflection reflects the splash of acid!
The splash of acid hits the acid blob.
The acid blob completely resists.
Grimold hits the acid blob with a +1 glaive!!!
The acid blob dies!
Grimold is asphyxiated!
The quicksilver ooze closely misses Grimold.
The quicksilver ooze hits Grimold.
The rockslime completely misses Grimold.
The acid blob jiggles.
The acid blob spits acid at you.
Your +2 kite shield of reflection reflects the splash of acid!
The splash of acid hits the acid blob.
The acid blob completely resists.
The rockslime hits you!!!
You die...

#...................
#..................
##.................
#.................
##.....J..........
#..J.............
###JJJJ..J........
#GJJ.oJ.........
.JJJJ#Jo@J........
.J#####JJJJ......
#....J.J....
#...J.......
##J...J.....
...........
............
...........


You could see 4 acid blobs, 4 rockslimes, a shining eye, 3 quicksilver oozes,
the friendly Bogwald the orc warlord (strong), the friendly Grimold the orc
warlord (strong, asphyxiating) and 10 friendly slime creatures.

Vanquished Creatures
  the Royal Jelly (Slime:5)
  Nikola (Shoals:1)
  Rupert (D:13)
  9 acid blobs
  A kraken (Shoals:2)
  Frances (D:12)
  Gastronok (D:8)
  An azure jelly (Slime:5)
  7 nagarajas (Snake:4)
  A rockslime (Slime:2)
  Aizul (Snake:4)
  8 quicksilver oozes
  A stone giant (D:15)
  Nessos (D:14)
  A minotaur (Gauntlet)
  7 merfolk impalers
  4 merfolk javelineers
  An ice dragon (Lair:6)
  A fire dragon (D:14)
  4 great orbs of eyes
  2 naga warriors
  A rakshasa (D:14)
  3 hydras
  2 boulder beetles
  2 alligator snapping turtles (Shoals:4)
  A catoblepas (Shoals:2)
  12 anacondas
  3 centaur warriors
  3 merfolk aquamancers (Shoals:4)
  2 tengu warriors (D:15)
  A two-headed ogre (D:10)
  5 satyrs
  5 death yaks
  An orc high priest (Orc:2)
  Urug (D:13)
  7 shock serpents
  10 naga sharpshooters
  A soul eater (Orc:2)
  Sonja (Orc:2)
  Nergalle (Lair:3)
  2 salamander mystics (Snake:4)
  8 sea snakes
  A swamp dragon (Lair:6)
  An orc knight (Orc:2)
  5 naga ritualists
  A lindwurm (Lair:6)
  12 harpies
  A deep elf pyromancer (D:13)
  5 mana vipers
  8 manticores
  2 orc sorcerers (Orc:2)
  2 oklob plants
  2 cyclopes
  6 elephants
  3 shining eyes
  14 salamanders
  10 fauns
  25 black mambas
  5 water nymphs
  A guardian serpent (shapeshifter) (Gauntlet)
  7 guardian serpents (Snake:4)
  13 naga magi
  8 merfolk sirens
  4 cane toads
  A torpor snail (Lair:6)
  2 eyes of devastation
  6 gargoyles
  3 yaktaurs (D:15)
  A cane toad (shapeshifter) (D:13)
  2 rime drakes
  2 unseen horrors
  Maggie (D:6)
  A kobold demonologist (D:12)
  A minotaur zombie (Gauntlet)
  5 komodo dragons
  An ice devil (Gauntlet)
  3 trolls
  A jumping spider (shapeshifter) (Gauntlet)
  24 merfolk
  4 wind drakes
  2 polar bears
  2 hornets
  3 tyrant leeches (Lair:6)
  4 blink frogs
  33 slime creatures
  8 snapping turtles
  3 dream sheep (Shoals:2)
  Sigmund (D:2)
  A shadow (D:9)
  6 humans (D:13)
  2 water elementals
  6 wyverns
  37 yaks
  4 wraiths (D:14)
  2 fire bats (Lair:6)
  3 basilisks
  5 golden eyes (Slime:1)
  Eustachio (D:4)
  A golden eye (shapeshifter) (D:15)
  A steam dragon (Lair:6)
  A warg (Orc:1)
  Menkaure (D:6)
  2 swamp worms (Gauntlet)
  6 water moccasins
  3 acid dragons
  30 nagas
  Edmund (D:4)
  A black bear (Lair:4)
  5 orc warriors
  An ice beast (D:6)
  6 ogres
  3 sky beasts
  A swamp drake (Lair:6)
  A necrophage (D:8)
  9 wolves
  9 centaurs
  A lemure (D:9)
  2 kobold brigands
  9 bullfrogs
  5 scorpions
  2 water moccasin skeletons
  5 killer bees
  3 wights (D:7)
  An electric eel (Lair:1)
  7 howler monkeys
  7 centaur zombies
  4 jellies
  2 gnoll shamans
  4 hounds
  Crazy Yiuf (D:7)
  8 orc priests
  3 bullfrog skeletons
  A centaur skeleton (D:4)
  4 iguanas
  Natasha (thrice) (D:2)
  13 orc wizards
  3 hell rats (Lair:1)
  A killer bee zombie (D:6)
  A hound skeleton (D:5)
  A howler monkey zombie (D:9)
  14 gnolls
  A howler monkey skeleton (D:6)
  6 adders
  4 white imps
  3 ufetubi
  A worm (D:3)
  A worm (shapeshifter) (Gauntlet)
  5 dart slugs
  14 orcs
  4 ball pythons
  4 bats
  6 endoplasms
  3 giant cockroaches (D:1)
  3 goblins
  4 hobgoblins
  4 jackals (D:1)
  3 quokkas (D:2)
  4 frilled lizards
  24 kobolds
  7 rats
  A tentacle (Shoals:2)
733 creatures vanquished.

Vanquished Creatures (collateral kills)
  Jorgrun (D:15)
  The ghost of 1player the Devastator, an adept GrEE of Vehumet (Shoals:4)
  Polyphemus (Shoals:2)
  2 acid blobs (Slime:5)
  Agnes (Snake:3)
  2 rockslimes (Slime:5)
  Donald (Orc:2)
  Ilsuiw (Shoals:2)
  3 nagarajas (Snake:4)
  An orc warlord (Orc:1)
  2 quicksilver oozes
  A merfolk impaler (Shoals:3)
  2 merfolk javelineers (Shoals:4)
  A fire dragon (Lair:6)
  Josephine (D:14)
  A salamander tyrant (Snake:4)
  The ghost of p0werm0de the Protected, a journeyman GrFi of Okawaru (D:11)
  A great orb of eyes (Slime:5)
  3 centaur warriors
  12 naga warriors
  2 boulder beetles
  2 merfolk avatars
  A death knight (D:9)
  A merfolk aquamancer (Shoals:4)
  15 hydras
  A two-headed ogre (D:9)
  7 death yaks
  A satyr (Shoals:4)
  11 anacondas
  2 shock serpents
  9 naga sharpshooters
  An orc high priest (Orc:2)
  A salamander mystic (Snake:2)
  A sixfirhy (Orc:2)
  A soul eater (Orc:2)
  5 sea snakes
  8 naga ritualists
  An infernal demonspawn (Orc:2)
  A torturous demonspawn (Orc:2)
  A gelid demonspawn (Orc:2)
  Pikel (D:9)
  2 deep elf pyromancers
  2 orc knights (Orc:2)
  A wizard (D:15)
  8 mana vipers
  4 harpies
  3 oklob plants (Lair:4)
  4 manticores
  An orc sorcerer (Orc:2)
  3 cyclopes
  11 salamanders
  6 ugly things
  5 fauns
  2 merfolk sirens
  26 black mambas
  4 guardian serpents
  2 water nymphs (Shoals:1)
  8 elephants
  5 torpor snails
  A smoke demon (Orc:2)
  11 naga magi
  A rust devil (Orc:2)
  5 cane toads
  A gargoyle (D:13)
  3 komodo dragons (Lair:6)
  2 rime drakes
  3 yaktaurs (D:15)
  2 polar bears
  2 trolls
  3 wind drakes
  8 merfolk
  6 hornets (Lair:6)
  12 blink frogs
  18 slime creatures
  A tyrant leech (Lair:6)
  4 snapping turtles
  A centaur simulacrum (D:15)
  A spriggan (Lair:4)
  A shadow (D:12)
  A basilisk (Lair:2)
  3 wraiths
  3 wyverns
  10 humans (D:13)
  2 fire bats (Lair:6)
  3 water elementals
  28 yaks
  A steam dragon (Lair:5)
  20 nagas
  3 acid dragons
  4 orc warriors
  8 water moccasins
  A swamp drake (Lair:6)
  2 ogres (Orc:1)
  A necrophage (D:8)
  2 wolves (Lair:5)
  5 centaurs
  2 kobold brigands
  3 bullfrogs (Lair:3)
  4 killer bees (D:10)
  A howler monkey (D:10)
  2 electric eels (Lair:1)
  2 centaur zombies
  4 orc priests
  A gnoll shaman (D:9)
  4 iguanas (Lair:6)
  2 orc wizards
  2 hell rats (Lair:1)
  A howler monkey zombie (D:9)
  A gnoll (D:9)
  8 orcs
  4 kobolds
  A plant (Snake:3)
434 creatures vanquished.

Vanquished Creatures (others)
  An orc warlord (Snake:4)
  5 orc sorcerers
  6 orc high priests
  6 orc knights
  A sea snake (Shoals:1)
  A cyclops (Shoals:1)
  3 dream sheep (Shoals:1)
  A naga (Snake:2)
  16 orc priests
  15 orc warriors
  10 orc wizards
  38 orcs
  A frilled lizard (Lair:6)
  78 fungi
  271 plants
  3 tentacles (Shoals:2)
456 creatures vanquished.

Grand Total: 1623 creatures vanquished

Notes
Turn   | Place    | Note
-------+----------+-------------------------------------------
     0 | D:1      | Cralpanu the Hill Orc Fighter began the quest for the Orb.
     0 | D:1      | Reached XP level 1. HP: 19/19 MP: 1/1
   142 | D:1      | Found a faded altar of an unknown god.
   198 | D:1      | Reached XP level 2. HP: 23/27 MP: 2/2
   251 | D:1      | Reached skill level 3 in Axes
   731 | D:1      | Reached XP level 3. HP: 33/33 MP: 3/3
  1179 | D:2      | Noticed Natasha
  1187 | D:2      | Killed Natasha
  1193 | D:2      | Noticed Natasha
  1199 | D:2      | Killed Natasha
  1200 | D:2      | Reached skill level 4 in Axes
  1200 | D:2      | Reached XP level 4. HP: 25/40 MP: 4/4
  1345 | D:2      | Noticed Natasha
  1354 | D:2      | Killed Natasha
  1382 | D:2      | Reached XP level 5. HP: 44/46 MP: 5/5
  1549 | D:2      | Noticed Sigmund
  1615 | D:2      | HP: 1/46 [Sigmund/+0 scythe (11)]
  1616 | D:2      | Killed Sigmund
  1617 | D:2      | Reached skill level 5 in Axes
  1617 | D:2      | Reached XP level 6. HP: 3/53 MP: 6/6
  2463 | D:3      | Became a worshipper of Beogh the Brigand
  2564 | D:3      | Reached skill level 1 in Dodging
  3260 | D:4      | Noticed Edmund
  3276 | D:4      | Killed Edmund
  3277 | D:4      | Reached skill level 6 in Axes
  3277 | D:4      | Reached XP level 7. HP: 33/60 MP: 7/7
  3336 | D:4      | Reached skill level 1 in Stealth
  3626 | D:4      | Reached skill level 5 in Armour
  3643 | D:4      | Noticed Eustachio
  3672 | D:4      | Killed Eustachio
  3673 | D:4      | Reached skill level 5 in Fighting
  3673 | D:4      | Reached skill level 7 in Axes
  3673 | D:4      | Reached skill level 5 in Shields
  3986 | D:5      | Entered Level 5 of the Dungeon
  3996 | D:5      | Reached XP level 8. HP: 61/68 MP: 8/8
  4065 | D:5      | Reached * piety under Beogh
  4078 | D:5      | Reached skill level 8 in Axes
  4175 | D:5      | Reached skill level 9 in Axes
  4185 | D:5      | Identified the +3 ring mail of the Lost Path {rPois rF+
                  | rCorr Int-5}
  4941 | D:6      | Reached XP level 9. HP: 75/75 MP: 9/9
  4970 | D:6      | Found a staircase to the Ecumenical Temple.
  4988 | D:6      | Reached ** piety under Beogh
  5005 | D:6      | Reached skill level 1 in Invocations
  5028 | D:6      | Noticed Maggie
  5038 | D:6      | Killed Maggie
  5039 | D:6      | Reached skill level 10 in Axes
  5176 | D:6      | Noticed Menkaure
  5189 | D:6      | Killed Menkaure
  5701 | D:7      | Noticed a troll
  5718 | D:7      | Killed a troll
  5719 | D:7      | Reached skill level 11 in Axes
  5830 | D:7      | Reached XP level 10. HP: 86/86 MP: 13/13
  5835 | D:7      | Identified the Volume of the Captivating Glacier
  5993 | D:7      | Found a runed translucent door.
  5994 | D:7      | Noticed Crazy Yiuf
  6265 | D:7      | Noticed a gargoyle
  6463 | D:7      | Reached skill level 5 in Invocations
  6530 | D:7      | Noticed a gargoyle
  6551 | D:7      | Killed a gargoyle
  6569 | D:7      | Noticed a gargoyle
  6581 | D:7      | Killed a gargoyle
  6600 | D:7      | Noticed a gargoyle
  6607 | D:7      | Killed a gargoyle
  6607 | D:7      | Reached *** piety under Beogh
  6633 | D:7      | Noticed a gargoyle
  6640 | D:7      | Killed a gargoyle
  6727 | D:7      | Killed a gargoyle
  6728 | D:7      | Reached skill level 12 in Axes
  6782 | D:7      | Killed Crazy Yiuf
  7436 | D:8      | Noticed Gastronok
  7454 | D:8      | Killed Gastronok
  7455 | D:8      | Reached skill level 13 in Axes
  7455 | D:8      | Reached XP level 11. HP: 94/95 MP: 14/16
  7559 | D:9      | Noticed Pikel
  7566 | D:9      | Killed Pikel
  7676 | D:9      | Found an opulent altar of Gozag.
  7687 | D:9      | Reached **** piety under Beogh
  7804 | D:9      | Noticed a two-headed ogre
  7811 | D:9      | Killed a two-headed ogre
  7906 | D:9      | Gained Worak as an ally
  8034 | D:9      | Noticed a centaur warrior
  8035 | D:9      | Noticed a death knight
  8047 | D:9      | Killed a death knight
  8054 | D:9      | Killed a centaur warrior
  8531 | D:10     | Entered Level 10 of the Dungeon
  8636 | D:10     | Identified the +5 arbalest of Urgency {venom, rF+ Str+4}
  8715 | D:10     | Noticed a two-headed ogre
  8722 | D:10     | Killed a two-headed ogre
  8806 | D:10     | Reached skill level 14 in Axes
  8812 | D:10     | Identified the +2 robe "Qesusk" {rPois rF+ Stlth+}
  9098 | D:11     | Reached XP level 12. HP: 94/105 MP: 18/18
  9374 | D:11     | Found a staircase to the Orcish Mines.
  9400 | D:11     | Noticed a four-headed hydra
  9408 | D:11     | Killed a six-headed hydra
  9456 | D:11     | Found a runed translucent gate.
  9458 | D:11     | Found a runed translucent gate.
  9459 | D:11     | Found a runed translucent gate.
  9459 | D:11     | Noticed p0werm0de's ghost (journeyman GrFi)
  9481 | D:11     | Killed p0werm0de's ghost
  9553 | D:11     | Found a staircase to the Lair.
  9616 | D:11     | Noticed a six-headed hydra
  9626 | D:11     | Killed an 11-headed hydra
  9626 | D:11     | Reached ***** piety under Beogh
  9928 | Lair:1   | Entered Level 1 of the Lair of Beasts
 10047 | Lair:1   | You fall into a shaft and drop 1 floor!
 10110 | Lair:1   | Reached skill level 10 in Shields
 10358 | Lair:1   | Gained Arbolt as an ally
 10359 | Lair:1   | Gained Olfik as an ally
 10559 | Lair:1   | Noticed a four-headed hydra
 10572 | Lair:1   | Killed a seven-headed hydra
 10633 | Lair:1   | Noticed a four-headed hydra
 10643 | Lair:1   | Killed a nine-headed hydra
 10644 | Lair:1   | Reached skill level 10 in Invocations
 10998 | Lair:2   | Noticed a five-headed hydra
 11009 | Lair:2   | Your ally Olfik died
 11013 | Lair:2   | Killed an eight-headed hydra
 11014 | Lair:2   | Reached skill level 10 in Fighting
 11053 | Lair:2   | Noticed a six-headed hydra
 11063 | Lair:2   | Killed a ten-headed hydra
 11364 | Lair:2   | Reached skill level 5 in Dodging
 11367 | Lair:2   | Reached skill level 15 in Axes
 11367 | Lair:2   | Reached XP level 13. HP: 87/113 MP: 21/21
 11623 | Lair:2   | Found a staircase to the Shoals.
 11877 | Lair:3   | Noticed Nergalle
 11888 | Lair:3   | Killed Nergalle
 12271 | Lair:3   | Identified the +1 ring mail of Perpetual Drought {Stlth+}
 12492 | Lair:3   | Identified the +1 robe "Irron" {Rampage}
 13056 | Lair:4   | Found a staircase to the Snake Pit.
 13101 | Lair:4   | Your ally Arbolt died
 13131 | Lair:4   | Gained Orgrim as an ally
 13460 | Lair:4   | Reached skill level 16 in Axes
 13735 | Lair:4   | Reached ****** piety under Beogh
 13823 | Lair:4   | Identified the +14 plate armour of Jigsaw {Will++ Str+7
                  | Int-2}
 14254 | Lair:5   | Reached XP level 14. HP: 119/124 MP: 23/23
 14574 | Lair:5   | Identified Dybil's Almanac of the Fetching Compass
 15039 | Lair:6   | Entered Level 6 of the Lair of Beasts
 15290 | Lair:6   | Found a runed translucent door.
 15497 | Lair:6   | Identified the Collected Works on Poisonous Battle Magic
 15698 | Lair:6   | Your ally Worak died
 15884 | Lair:6   | Found a staircase to the Slime Pits.
 16215 | Lair:6   | Reached skill level 17 in Axes
 16571 | Orc:1    | Entered Level 1 of the Orcish Mines
 16968 | Orc:2    | Entered Level 2 of the Orcish Mines
 17029 | Orc:2    | Gained Norbak as an ally
 17066 | Orc:2    | Noticed Donald
 17076 | Orc:2    | Killed Donald
 17077 | Orc:2    | Reached XP level 15. HP: 96/132 MP: 25/25
 17083 | Orc:1    | Noticed an orc warlord
 17091 | Orc:1    | Killed an orc warlord
 17337 | Orc:2    | Found a shimmering blue altar of Sif Muna.
 17350 | Orc:2    | Identified Sif Muna's Catalogue of Evil Secrets
 17379 | Orc:2    | Found Mojay's Magic Scroll Emporium.
 17381 | Orc:2    | Found Fofaotz's Magic Scroll Shoppe.
 17424 | Orc:2    | Bought a scroll of enchant weapon for 105 gold pieces
 17429 | Orc:2    | Bought a scroll of acquirement for 884 gold pieces
 17429 | Orc:2    | Bought a scroll of enchant armour for 127 gold pieces
 17431 | Orc:2    | Acquired 863 gold pieces
 17442 | Orc:2    | Found a staircase to the Elven Halls.
 17454 | Orc:2    | Found Hipued's Antique Armour Shop.
 17478 | Orc:2    | Noticed Sonja
 17484 | Orc:2    | Killed Sonja
 17484 | Orc:2    | Gained Korbok as an ally
 17500 | Orc:2    | Found a roughly hewn altar of Beogh.
 17810 | Orc:2    | Gained Spirok as an ally
 17815 | Orc:2    | Your ally Spirok died
 17831 | Orc:2    | Your ally Korbok died
 17851 | Orc:2    | Found Imit's Book Boutique.
 17851 | Orc:2    | Found Ijarghan's Antique Armour Shop.
 17851 | Orc:2    | Found a one-way gate leading to the halls of Pandemonium.
 17872 | Orc:2    | Bought a pair of pitted boots for 266 gold pieces
 17872 | Orc:2    | Identified the -4 pair of boots of Darkness {Regen+} (You
                  | bought it in a shop on level 2 of the Orcish Mines)
 17872 | Orc:2    | Bought a pair of gloves for 126 gold pieces
 18259 | D:12     | Found a gate leading to a gauntlet.
 18277 | Gauntlet | Entered a Gauntlet
 18277 | Gauntlet | Found a transporter.
 18283 | Gauntlet | Found a transporter.
 18291 | Gauntlet | Found a transporter.
 18296 | Gauntlet | Found a runed translucent door.
 18296 | Gauntlet | Found a runed translucent door.
 18301 | Gauntlet | Found a transporter.
 18304 | Gauntlet | Found a transporter.
 18312 | Gauntlet | Found a transporter.
 18334 | Gauntlet | Found a transporter.
 18344 | Gauntlet | Found a transporter.
 18356 | Gauntlet | Found a transporter.
 18375 | Gauntlet | Found a transporter.
 18389 | Gauntlet | Found a transporter.
 18389 | Gauntlet | Found a transporter.
 18463 | Gauntlet | Found a transporter.
 18465 | Gauntlet | Found a transporter.
 18680 | Gauntlet | Identified the amulet of Birdsong {Acrobat rElec Dex+2}
 18747 | Gauntlet | Identified the ring "Wiob" {Will+ rCorr Str+4}
 18826 | D:12     | Noticed Frances
 18836 | D:12     | Killed Frances
 18857 | D:12     | Gained Rocco as an ally
 19609 | D:13     | Reached skill level 10 in Armour
 19623 | D:13     | Noticed Urug
 19625 | D:13     | Found a gate to the Vaults.
 19626 | D:13     | Noticed Rupert
 19639 | D:13     | Killed Urug
 19643 | D:13     | Killed Rupert
 19647 | D:13     | Your ally Rocco died
 19651 | D:13     | Reached skill level 5 in Stealth
 19894 | D:13     | Found an iron altar of Okawaru.
 20093 | D:14     | Reached skill level 15 in Invocations
 20140 | D:14     | Noticed Nessos
 20155 | D:14     | Killed Nessos
 20196 | D:14     | Gained Bogdar as an ally
 20226 | D:14     | Identified the Catalogue of Cankerous Changing
 20304 | D:14     | Found a sacrificial altar of Ru.
 20325 | D:14     | Noticed Josephine
 20333 | D:14     | Killed Josephine
 20513 | D:15     | Entered Level 15 of the Dungeon
 20531 | D:15     | Reached XP level 16. HP: 138/144 MP: 27/27
 20619 | D:15     | Gained Borgun as an ally
 21036 | D:15     | Identified the +1 ring mail of Prudence {rC+ rCorr Dex-3}
 21083 | D:15     | Found a staircase to the Depths.
 21139 | D:15     | Reached skill level 18 in Axes
 21371 | D:15     | Noticed Jorgrun
 21375 | D:15     | Killed Jorgrun
 21994 | Snake:1  | Entered Level 1 of the Snake Pit
 22588 | Snake:2  | Your ally Borgun died
 22983 | Snake:2  | Found a sparkling altar of Nemelex Xobeh.
 23118 | Snake:2  | Found Suweafekh's Antique Armour Boutique.
 23120 | Snake:2  | Found Tihi's Antique Weapon Shop.
 23123 | Snake:2  | Found Minkadgh's Assorted Antiques.
 23126 | Snake:2  | Bought a pair of runed boots for 277 gold pieces
 23126 | Snake:2  | Bought a pair of runed gloves for 277 gold pieces
 23158 | Snake:2  | Reached skill level 15 in Shields
 23161 | Snake:2  | Bought a potion of heal wounds for 160 gold pieces
 23161 | Snake:2  | Bought a potion of heal wounds for 160 gold pieces
 23233 | Snake:3  | Noticed Agnes
 23240 | Snake:3  | Killed Agnes
 23240 | Snake:3  | Gained Gorbash as an ally
 23260 | Snake:3  | Gained Grimold as an ally
 23281 | Snake:3  | Found Xies Oty's Jewellery Boutique.
 23607 | Snake:3  | Reached XP level 17. HP: 152/152 MP: 29/29
 23694 | Snake:3  | Gained Geork as an ally
 24011 | Snake:3  | Gained Olfik as an ally
 24016 | Snake:3  | Gained Bladwarg as an ally
 24166 | Snake:3  | Reached skill level 19 in Axes
 24400 | Snake:4  | Entered Level 4 of the Snake Pit
 24552 | Snake:4  | Found Sasiw's Assorted Antiques.
 24800 | Snake:4  | Reached skill level 15 in Fighting
 24845 | Snake:4  | Your ally Norbak died
 24898 | Snake:4  | Your ally Gorbash died
 24899 | Snake:4  | Your ally Bogdar died
 24916 | Snake:4  | Your ally Orgrim died
 25037 | Snake:4  | Noticed Aizul
 25042 | Snake:4  | Reached XP level 18. HP: 95/163 MP: 30/30
 25043 | Snake:4  | Killed Aizul
 25060 | Snake:4  | Your ally Olfik died
 25503 | Snake:4  | Got a serpentine rune of Zot
 25785 | Snake:4  | Found a runed translucent gate.
 25785 | Snake:4  | Found a runed translucent gate.
 25785 | Snake:4  | Found a runed translucent gate.
 25798 | Snake:4  | Gained Korbok as an ally
 25919 | Snake:4  | Reached XP level 19. HP: 172/172 MP: 31/31
 26091 | Shoals:1 | Entered Level 1 of the Shoals
 26091 | Shoals:1 | Noticed Nikola
 26092 | Shoals:1 | Your ally Korbok died
 26107 | Shoals:1 | Killed Nikola
 26483 | Shoals:1 | Reached skill level 20 in Axes
 26983 | Shoals:2 | Found Zyehonk's Antique Armour Shop.
 26983 | Shoals:2 | Found an iron altar of Okawaru.
 27096 | Shoals:2 | Noticed Ilsuiw
 27118 | Shoals:2 | Killed Ilsuiw
 27302 | Shoals:2 | Gained Bogwald as an ally
 27327 | Shoals:2 | Found Pits's Magic Scroll Emporium.
 27335 | Shoals:2 | Bought a scroll of enchant armour for 120 gold pieces
 27335 | Shoals:2 | Bought a scroll of enchant weapon for 120 gold pieces
 27342 | Shoals:2 | Noticed Polyphemus
 27352 | Shoals:2 | Killed Polyphemus
 27533 | Shoals:2 | Found Loisu's Book Boutique.
 27591 | Shoals:2 | Found Lyquiw's Jewellery Emporium.
 27601 | Shoals:2 | Bought the ring of Olelaipt {rC+ MP+9 Dex+4 SInv} for 745
                  | gold pieces
 28015 | Shoals:3 | Your ally Bladwarg died
 28335 | Shoals:3 | Reached XP level 20. HP: 139/182 MP: 32/32
 28426 | Shoals:3 | Identified the +1 ring mail of Abstinence {rElec rPois
                  | Str+4}
 28868 | Shoals:4 | Entered Level 4 of the Shoals
 28899 | Shoals:4 | Got a barnacled rune of Zot
 29294 | Shoals:4 | Found a runed translucent door.
 29297 | Shoals:4 | Noticed 1player's ghost (adept GrEE)
 29316 | Shoals:4 | Killed 1player's ghost
 29550 | Shoals:4 | Reached skill level 21 in Axes
 29901 | Slime:1  | Entered Level 1 of the Pits of Slime
 29932 | Slime:1  | Gained mutation: You are covered in fur. (AC +1) [a shining
                  | eye]
 30105 | Slime:1  | You fall into a shaft and drop 1 floor!
 30305 | Slime:3  | Gained Olfik as an ally
 30319 | Slime:3  | Gained mutation: You are clumsy. (Dex -2) [a shining eye]
 30320 | Slime:3  | Your ally Olfik died
 30866 | Slime:5  | Entered Level 5 of the Pits of Slime
 30895 | Slime:5  | Noticed the Royal Jelly
 30909 | Slime:5  | Killed the Royal Jelly
 30912 | Slime:5  | Your ally Geork died
 30916 | Slime:5  | Mangled by a rockslime

Illustrated notes

Levels and vault maps discovered:
D:1:      lightli_arrival_statuegarden, layout_basic,
          hellmonk_ecumenical_altar_heavens_door
D:2:      layout_basic, chequers_serial_rivers_micro_a, uniq_natasha,
          uniq_sigmund
D:3:      minmay_angry_zag, layout_loops_corners, serial_aquarium,
          aquarium_bridge_square [aquarium_subvault_wall,
          aquarium_subvault_wall, aquarium_subvault_window,
          aquarium_subvault_bridge], aquarium_bridge_straight
          [aquarium_subvault_bridge, aquarium_subvault_wall,
          aquarium_subvault_bridge, aquarium_subvault_wall], aquarium_window_1,
          aquarium_window_fake, aquarium_window_fake, aquarium_window_1,
          aquarium_view_2b, aquarium_balcony_5b, aquarium_pool_side
D:4:      layout_basic, uniq_eustachio, uniq_edmund
D:5:      layout_loops_ring
D:6:      layout_basic, minmay_temple_entry_mist, uniq_menkaure, uniq_maggie
D:7:      cheibrodos_statue_roulette, layout_basic, uniq_crazy_yiuf_cottage
D:8:      layout_loops_ring, uniq_gastronok
D:9:      kennysheep_windowed_halls, layout_basic, nicolae_gozag_seed_capital,
          minivault_25, uniq_pikel
D:10:     layout_cave_pools, serial_column_ruins, column_ruins_hut_pillars,
          column_ruins_columns_corner, column_ruins_open_small,
          column_ruins_open_tiny, column_ruins_open_tiny,
          column_ruins_columns_straight
D:11:     layout_cave_pods, david_lair_shrubbed, orc_0_dummy,
          ebering_ghost_rock_garden
D:12:     layout_long_grid, gauntlet_entry_generic, uniq_frances
D:13:     layout_cave_pools, david_vaults_3, okawaru_altar_gauntlet_db
D:14:     layout_basic, hangedman_ru_absence, uniq_nessos, uniq_josephine
D:15:     grunt_enter_depths_snipers, layout_stronghold, minivault_24,
          uniq_jorgrun
Lair:1:   layout_gridlike, serial_bayou_shore_a, infiniplex_staircase_pool
Lair:2:   layout_regular_city, minmay_shoals_entry_lonely_mermaid,
          chequers_serial_rivers_marsh
Lair:3:   layout_layer_cave, lemuel_fruit_tree, uniq_nergalle
Lair:4:   layout_regular_city, guppyfry_snake_entry_island,
          grunt_forest_stairs_clearing, lemuel_fruit_fields,
          minmay_lair_oklob_chamber
Lair:5:   layout_long_grid, grunt_megastairs_5
Lair:6:   wormcave, layout_gridlike, guppyfry_lair_end_dragon,
          minmay_slime_entry_pillars, uniq_rupert
Shoals:1: layout_shoals, uniq_nikola
Shoals:2: layout_shoals, serial_shops, shop_statue, shop, shop,
          nicolae_shop_overgrown_old_shop, nicolae_shoals_circle_sea_wall,
          lemuel_oklob_altar, uniq_polyphemus, uniq_ilsuiw
Shoals:3: layout_shoals
Shoals:4: shoals_end_grunt_garden, layout_shoals, shoal_ilsuiw,
          ebering_ghost_inner_flame, nicolae_shoals_hunting_party
Snake:1:  layout_rooms
Snake:2:  layout_rooms, basic_altar, minmay_shop_star
Snake:3:  layout_cave_shapes, minmay_shop_enchanted_jewellery,
          serial_bayou_lagoon_a, serial_bayou_pond_c, grunt_megastairs_3,
          uniq_agnes
Snake:4:  grunt_snake_rune_serpentine_throne, layout_cave_town, serial_shops,
          shop, nicolae_snake_horde_hoard, uniq_aizul
Slime:1:  layout_caves
Slime:2:  layout_caves
Slime:3:  layout_caves
Slime:4:  layout_caves
Slime:5
Orc:1:    layout_caves
Orc:2:    pf_orc_diabolical, layout_caves, serial_shops, shop_statue,
          basic_altar, led_sif_book, uniq_sonja, uniq_donald, uniq_urug

Skill      XL: |  1  2  3  4  5  6  7  8  9 10 11 12 13 14 15 16 17 18 19 20 |
---------------+-------------------------------------------------------------+-----
Axes           | 3 4 5 6 7 9 11 13 14 15 16 17 18 19 20 21 | 21.6
Fighting       | 4 5 7 8 9 10 11 12 13 14 15 16 17 | 17.9
Shields        | 4 5 6 7 8 9 10 11 13 14 15 16 17 18 | 18.3
Armour         | 4 5 6 7 8 9 10 11 12 13 14 | 14.4
Dodging        | 1 2 3 4 5 6 7 |  7.1
Stealth        | 1 2 3 4 5 6 |  6.3
Invocations    | 4 7 8 11 12 13 15 16 | 16.2
Evocations     | |  0.9

Action                   |  1- 3 |  4- 6 |  7- 9 | 10-12 | 13-15 | 16-18 | 19-21 || total
-------------------------+-------+-------+-------+-------+-------+-------+-------++-------
Melee: War axe           |    48 |   144 |   309 |   495 |   711 |   488 |   596 ||  2791
Invok: Convert to Beogh  |       |     1 |       |       |       |       |       ||     1
       Recall Orcish Fol |       |       |       |     3 |    11 |    14 |     9 ||    37
       Give Item to Name |       |       |       |     2 |     2 |     5 |     2 ||    11
       Smiting           |       |       |       |     1 |       |       |       ||     1
       Stop Recall       |       |       |       |       |       |     1 |       ||     1
Evoke: Wand              |       |       |       |       |     3 |       |       ||     3
       Tin of tremorston |       |       |       |       |       |       |     1 ||     1
  Use: Potion            |       |     3 |       |     2 |     4 |     7 |     7 ||    23
       Scroll            |       |     8 |     7 |    10 |    13 |     7 |     9 ||    54
 Stab: Invisible         |       |     2 |       |       |       |       |       ||     2
       Distracted        |       |       |       |     4 |    12 |    16 |     2 ||    34
       Sleeping          |       |       |       |     1 |       |       |       ||     1
       Confused          |       |       |       |       |     1 |       |       ||     1
       Paralysed         |       |       |       |       |     8 |       |       ||     8
Armor: Scale mail        |    15 |    73 |    51 |       |       |       |       ||   139
       Ring mail         |       |       |    76 |   135 |    47 |       |       ||   258
       Plate armour      |       |       |       |       |   259 |   279 |   232 ||   770
Dodge: Dodged            |     7 |    63 |    80 |   179 |   199 |   161 |   164 ||   853
Block: Kite shield       |    27 |    89 |   196 |   422 |   600 |   497 |   432 ||  2263
       Reflection        |       |       |       |       |    19 |    82 |    34 ||   135

Table legend: (Time is in decaauts)
 A = Elapsed time spent in this place.
 B = Non-inter-level travel time spent in this place.
 C = Inter-level travel time spent in this place.
 D = Time resting spent in this place.
 E = Time spent auto-exploring this place.
 F = Levels seen in this place.
 G = Mean time per level.
                   A        B        C        D        E       F      G
               +--------+--------+--------+--------+--------+-----+--------+
         Total |  30566 |  28451 |   2115 |   1865 |  19666 |  37 |  826.1 |
       Dungeon |  13319 |  12375 |    944 |     56 |   9415 |  15 |  887.9 |
          Lair |   6771 |   6115 |    656 |    649 |   4178 |   6 | 1128.5 |
        Shoals |   3519 |   3332 |    187 |     33 |   2366 |   4 |  879.8 |
     Snake Pit |   3880 |   3650 |    230 |    398 |   2293 |   4 |  970.0 |
    Slime Pits |    970 |    970 |      0 |    526 |    238 |   5 |  194.0 |
  Orcish Mines |   1590 |   1494 |     96 |    200 |    918 |   2 |  795.0 |
      Gauntlet |    515 |    515 |      0 |      2 |    257 |   1 |  515.0 |
               +--------+--------+--------+--------+--------+-----+--------+

Top non-repeatable levels by time:
 Snake:4: 1490 daAuts
  Lair:6: 1412 daAuts
    D:15: 1311 daAuts
  Lair:3: 1307 daAuts
  Lair:4: 1282 daAuts
     D:7: 1259 daAuts
     D:1: 1201 daAuts
 Snake:3: 1096 daAuts
     D:3: 1076 daAuts
  Lair:2: 1054 daAuts
   Orc:2: 1052 daAuts
     D:2: 1045 daAuts
     D:9: 1012 daAuts
    D:11: 964 daAuts
     D:5: 959 daAuts
